[Event "Team 45 45 League T80"]
[Site "Internet Chess Club"]
[Date "2019.04.12"]
[Round "3"]
[White "Tjet"]
[Black "Chess4Him"]
[Result "0-1"]
[WhiteElo "1389"]
[BlackElo "1521"]
[Opening "English opening"]
[ECO "A10"]
[Time "21:32:41"]
[TimeControl "2700+45"]

1. c4 d5 2. cxd5 Qxd5 3. Nc3 Qd8 4. g3 Nf6 5. Bg2 e6 6. Nf3 Be7 7. O-O O-O 8. d4
Nc6 9. e3 Rb8 10. Re1 b6 11. a3 Bb7 12. Qc2 Qd7 13. b4 a6 14. Bb2 Rfc8 15. Rac1
Na7 16. Red1 c6 17. Ne5 Qc7 18. f4 Bd6 19. Ne4 Nxe4 20. Bxe4 f5 21. Bg2 Bxe5 22.
dxe5 Qe7 23. Qb3 Rd8 24. Bd4 Ba8 25. Qa2 c5 26. bxc5 Bxg2 27. Kxg2 bxc5 28. Rxc5
Qb7+ 29. Kf2 Qe7 30. Rdc1 Nb5 31. Rc6 Nxd4 32. exd4 Rd5 33. Rc8+ Rxc8 34. Rxc8+
Kf7 35. Rc4 Qa7 36. Ke3 Qb7 37. Qc2 Qb6 38. Rc7+ Kg6 39. Rc4 Kf7 40. a4 g5 41.
fxg5 Rxe5+ 42. Kf2 Re4 43. Qd3 Qb2+ 44. Qc2 Qxc2+ 45. Rxc2 Rxd4 46. a5 Rd5 47.
Ra2 Kg6 48. h4 h6 49. gxh6 Kxh6 50. Ra4 Kh5 51. Kf3 e5 52. Ke3 Rb5 53. Kf3 Rb3+
54. Kg2 e4 55. Kf2 Kg4 56. Rc4 Rf3+ 57. Ke2 Ra3 58. Rc6 Rxa5 59. Rg6+ Kh3 60. h5
Ra2+ 61. Ke3 Ra3+ 62. Ke2 Ra2+ 63. Ke3 Ra3+ 64. Ke2 Rd3 65. h6 Rd8 66. h7 Rh8
67. Rg7 a5 68. Rf7 Kg4 69. Rg7+ Kh3 70. Ke3 a4 71. Kf4 a3 72. Kxf5 e3 73. Ra7 e2
74. Rxa3 e1=Q 75. g4+ Kh4 76. Kg6 Qe8+ 77. Kf5 Qf8+ {White resigns} 0-1

[Event "Team 45 45 League T80"]
[Site "Internet Chess Club"]
[Date "2019.04.11"]
[Round "3"]
[White "BrerRabbit"]
[Black "rkjulianjr"]
[Result "0-1"]
[WhiteElo "1378"]
[BlackElo "1320"]
[Opening "Queen's pawn, Mason variation, Steinitz counter-gambit"]
[ECO "D00"]
[Time "19:48:01"]
[TimeControl "2700+45"]

1. d4 d5 2. Bf4 c5 3. e3 Nf6 4. c3 e6 5. Nd2 Nc6 6. Ngf3 a6 7. Be2 Be7 8. O-O
O-O 9. Qc2 cxd4 10. cxd4 Bd7 11. a3 Rc8 12. Qb3 Na5 13. Qa2 b5 14. Rac1 Nc4 15.
Rfd1 Qb6 16. Ne5 Nxd2 17. Nxd7 Nxd7 18. Rxc8 Rxc8 19. Rxd2 Rc1+ 20. Rd1 Rxd1+
21. Bxd1 Qc6 22. Qb3 Qc4 23. Qxc4 dxc4 24. Bc7 Kf8 25. Ba5 Ke8 26. Bf3 Bd8 27.
Bxd8 Kxd8 28. Kf1 Kc7 29. Ke1 Nb6 30. Kd2 Nd5 31. Bxd5 exd5 32. Kc3 a5 33. f3 f5
34. g3 Kd6 35. h3 Ke6 36. h4 h6 37. Kd2 b4 38. axb4 axb4 39. Kc2 Kd6 40. Kd2 Kc6
41. Kc2 Kb5 42. Kd2 Ka4 43. Kc2 Kb5 44. Kd2 c3+ 45. bxc3 b3 46. Kc1 Kc4 47. e4
dxe4 48. fxe4 fxe4 49. Kd2 b2 50. Kc2 e3 51. Kxb2 e2 {White resigns} 0-1

[Event "Team 45 45 League T80"]
[Site "Internet Chess Club"]
[Date "2019.04.15"]
[Round "3"]
[White "CMAlge"]
[Black "pagliaci"]
[Result "1-0"]
[WhiteElo "1363"]
[BlackElo "1224"]
[Opening "Petrov: Nimzovich attack"]
[ECO "C42"]
[Time "19:30:41"]
[TimeControl "2700+45"]

1. e4 e5 2. Nf3 Nf6 3. Nxe5 d6 4. Nf3 Nxe4 5. Nc3 Nxc3 6. dxc3 d5 7. Be3 Nc6 8.
Bd3 Bg4 9. h3 Bh5 10. g4 Bg6 11. Bxg6 hxg6 12. Qe2 Bd6 13. Bf4+ Ne7 14. Bxd6
Qxd6 15. O-O-O O-O-O 16. c4 Qf4+ 17. Kb1 dxc4 18. Ne5 Rxd1+ 19. Rxd1 Rxh3 20.
Nxg6 Qd6 21. Nxe7+ Kb8 22. a3 Rh8 23. Rxd6 cxd6 24. Qxc4 Re8 25. Qxf7 Rd8 26.
Nd5 Rc8 27. Qxg7 a6 28. f4 b5 29. Nb4 a5 30. Na6+ Ka8 31. Nc7+ Kb8 32. Nxb5 d5
33. Qd7 a4 34. Qa7# {Black checkmated} 1-0

[Event "Team 45 45 League T80"]
[Site "Internet Chess Club"]
[Date "2019.04.16"]
[Round "3"]
[White "Just-Jim"]
[Black "seattleblues"]
[Result "0-1"]
[WhiteElo "1347"]
[BlackElo "1241"]
[Opening "Réti opening"]
[ECO "A04"]
[Time "19:08:13"]
[TimeControl "2700+45"]

1. Nf3 c6 2. d4 d5 3. h3 Nf6 4. Nc3 Qc7 5. e3 Bf5 6. Bd3 Bxd3 7. Qxd3 Nbd7 8.
Bd2 e6 9. a3 Bd6 10. O-O-O O-O-O 11. Na2 e5 12. Nxe5 Nxe5 13. Qf5+ Ned7 14. Bb4
Bxb4 15. Nxb4 Qd6 16. Nd3 Qe6 17. Qf3 Ne4 18. Nf4 Qe7 19. Nh5 g6 20. Nf4 f5 21.
g3 Rhe8 22. h4 Ndf6 23. Nd3 Ng4 24. h5 Ng5 25. hxg6 Nxf3 26. Rxh7 Qxh7 27. gxh7
Rh8 28. Nf4 Rxh7 29. Ng6 Rh2 30. Ne7+ Kd7 31. Nxf5 Rdh8 32. c3 Rh1 33. b4 Rxd1+
34. Kxd1 Rh1+ 35. Ke2 Ngh2 36. g4 Re1+ 37. Kd3 Rd1+ 38. Kc2 Rd2+ 39. Kb3 Rxf2
40. Ng3 Nxg4 41. Nh1 Rf1 42. Ng3 Rb1+ 43. Kc2 Ra1 44. Kb2 Rg1 45. Nf5 Nd2 46.
Kc2 Nc4 47. a4 Ncxe3+ 48. Nxe3 Nxe3+ 49. Kd3 Nc4 50. Kc2 Rg2+ 51. Kb3 Rb2#
{White checkmated} 0-1

[Event "Team 45 45 League T80"]
[Site "Internet Chess Club"]
[Date "2019.04.13"]
[Round "3"]
[White "mongmong"]
[Black "clarinetref"]
[Result "1-0"]
[WhiteElo "1537"]
[BlackElo "1430"]
[Opening "Queen's pawn game"]
[ECO "D04"]
[Time "20:04:25"]
[TimeControl "2700+45"]

1. d4 d5 2. Nf3 Nf6 3. e3 g6 4. Nbd2 Bg7 5. b4 b6 6. Bb2 O-O 7. Be2 Nbd7 8. O-O
c5 9. dxc5 bxc5 10. bxc5 Nxc5 11. Nb3 Na4 12. Bd4 Qc7 13. Bb5 Nc3 14. Bxc3 Qxc3
15. Qd3 Qxd3 16. cxd3 a6 17. Ba4 Bf5 18. d4 Bd7 19. Bxd7 Nxd7 20. Rac1 Rfc8 21.
Rxc8+ Rxc8 22. Rc1 Rxc1+ 23. Nxc1 e6 24. Kf1 Bf8 25. Ke2 Ba3 26. Nd3 f6 27. Nd2
Kf7 28. Kd1 Nb6 29. Kc2 h5 30. h3 Bd6 31. Kb3 Ke7 32. Nb4 Bxb4 33. Kxb4 Kd6 34.
Ka5 Kc6 35. Nb3 e5 36. Kxa6 Na4 37. Nc1 Nc3 38. dxe5 fxe5 39. Nd3 Nxa2 40. Nxe5+
Kd6 41. Nxg6 Nb4+ 42. Kb5 Nd3 43. f3 Ne1 44. g4 hxg4 45. fxg4 Ng2 46. h4 Nxe3
47. g5 d4 48. Kb4 Kd5 49. h5 Ke4 50. h6 d3 51. Kc3 Nd5+ 52. Kd2 Kf5 53. h7 Kxg6
54. h8=Q Kxg5 55. Qe5+ {Black resigns} 1-0

[Event "Team 45 45 League T80"]
[Site "Internet Chess Club"]
[Date "2019.04.14"]
[Round "3"]
[White "XGG123"]
[Black "smsxman"]
[Result "1-0"]
[WhiteElo "1471"]
[BlackElo "1386"]
[Opening "Sicilian defense"]
[ECO "B41"]
[Time "11:35:32"]
[TimeControl "2700+45"]

1. e4 e6 2. d4 c5 3. Nf3 cxd4 4. Nxd4 Bc5 5. Be3 Bxd4 6. Bxd4 Nf6 7. e5 Nd5 8.
c4 Qa5+ 9. Nc3 Nxc3 10. Bxc3 Qd8 11. Bd3 O-O 12. O-O d6 13. exd6 Qg5 14. Bc2 Bd7
15. Qd3 f5 16. f4 Qg6 17. Rf3 Rf7 18. Rg3 Qh6 19. Qd4 Nc6 20. Qf2 b6 21. Rh3 Qg6
22. Qh4 Na5 23. Rg3 Nxc4 24. Rxg6 hxg6 25. Qg3 Nxd6 26. Qxg6 Rc8 27. Rd1 Ne4 28.
Bxe4 fxe4 29. Qxe4 b5 30. Rxd7 Rc4 31. Qxe6 Rxf4 32. Rxf7 Rxf7 33. Qe8+ Rf8 34.
Qxb5 {Black resigns} 1-0

[Event "Team 45 45 League T80"]
[Site "Internet Chess Club"]
[Date "2019.04.13"]
[Round "3"]
[White "dabodhi"]
[Black "sdcohle"]
[Result "1-0"]
[WhiteElo "1286"]
[BlackElo "1351"]
[Opening "French: Rubinstein variation"]
[ECO "C10"]
[Time "14:35:21"]
[TimeControl "2700+45"]

1. e4 e6 2. d4 d5 3. Nc3 dxe4 4. Nxe4 Nc6 5. c3 Nf6 6. Bd3 Be7 7. Nf3 O-O 8. O-O
b6 9. Re1 Bb7 10. Nxf6+ Bxf6 11. Be4 Na5 12. b4 Bxe4 13. Rxe4 Nc4 14. Qd3 Qd5
15. a4 Nd6 16. Re1 c5 17. bxc5 bxc5 18. Be3 cxd4 19. cxd4 e5 20. Qd2 e4 21. Ne5
Bxe5 22. dxe5 Nc4 23. Qxd5 Nxe3 24. Rxe3 Rfd8 25. Qxe4 Rac8 26. g3 Rc7 27. Rd3
Rdc8 28. Rad1 g6 29. Rd8+ Kg7 30. Rxc8 Rxc8 31. e6 fxe6 32. Qe5+ Kf7 33. Rd7+
Kg8 34. Qg7# {Black checkmated} 1-0

[Event "Team 45 45 League T80"]
[Site "Internet Chess Club"]
[Date "2019.04.14"]
[Round "3"]
[White "seldredg"]
[Black "stantheman59"]
[Result "0-1"]
[WhiteElo "1202"]
[BlackElo "1261"]
[Opening "Queen's pawn: London system"]
[ECO "A45"]
[Time "13:32:07"]
[TimeControl "2700+45"]

1. d4 Nf6 2. Bf4 d5 3. e3 Bf5 4. Ne2 e6 5. Ng3 Bg6 6. Be2 c5 7. c3 cxd4 8. cxd4
Bxb1 9. Rxb1 Bb4+ 10. Kf1 O-O 11. h4 Be7 12. Nh5 Ne4 13. Bg3 g6 14. Rh3 Nd7 15.
Bb5 Ndf6 16. Nxf6+ Bxf6 17. Bf4 Bxh4 18. g3 Bg5 19. Bxg5 Nxg5 20. Rh2 Rc8 21. a4
Qf6 22. Kg2 Rc7 23. Rc1 Rfc8 24. Rxc7 Rxc7 25. Bd3 e5 26. dxe5 Qxe5 27. f4 Qxb2+
28. Qe2 Qxe2+ 29. Bxe2 Ne6 30. Kf3 Rc2 31. Rh1 Ra2 32. e4 dxe4+ 33. Kxe4 Rxa4+
34. Ke5 Ra2 35. Bf3 Ra3 36. Bxb7 Rxg3 37. Rc1 h5 38. Kf6 Rg4 39. f5 gxf5 40.
Rc8+ Kh7 41. Bf3 Rg6+ 42. Kxf5 Nd4+ 43. Kf4 Nxf3 44. Kxf3 h4 45. Rc5 Kh6 46. Rc8
Kh7 47. Rc4 Rh6 48. Rc7 h3 49. Rxf7+ Kg8 50. Rxa7 h2 51. Ra8+ Kf7 52. Ra7+ Ke8
53. Ra8+ Kd7 54. Ra7+ Kc8 55. Ra8+ Kb7 56. Ra1 h1=Q+ 57. Rxh1 Rxh1 58. Ke4 Kc6
59. Ke5 Rh4 60. Kf5 Kd6 61. Kg5 Re4 62. Kf6 Re5 63. Kf7 Re6 64. Kg7 Ke7 65. Kh7
Kf8 66. Kh8 Rh6# {White checkmated} 0-1

[Event "Team 45 45 League T80"]
[Site "Internet Chess Club"]
[Date "2019.04.12"]
[Round "3"]
[White "noblitz-oblige"]
[Black "Visin"]
[Result "1-0"]
[WhiteElo "1508"]
[BlackElo "1168"]
[Opening "Giuoco Piano"]
[ECO "C50"]
[Time "08:01:10"]
[TimeControl "2700+45"]

1. e4 e5 2. Nf3 Nc6 3. Bc4 Bc5 4. O-O Nf6 5. d3 h6 6. Nc3 d6 7. h3 Na5 8. Bb5+
c6 9. Ba4 b5 10. Bb3 Nxb3 11. cxb3 b4 12. Na4 Bb6 13. a3 c5 14. Be3 Be6 15. axb4
cxb4 16. Nxb6 axb6 17. Rxa8 Qxa8 18. Bxb6 O-O 19. Bc7 Qa6 20. d4 Rc8 21. dxe5
Rxc7 22. exf6 g6 23. e5 dxe5 24. Qd8+ Kh7 25. Qxc7 {Black resigns} 1-0

[Event "Team 45 45 League T80"]
[Site "Internet Chess Club"]
[Date "2019.04.14"]
[Round "3"]
[White "oldmanpatzer"]
[Black "chesskix"]
[Result "0-1"]
[WhiteElo "1216"]
[BlackElo "1399"]
[Opening "Sicilian: accelerated fianchetto, exchange variation"]
[ECO "B34"]
[Time "16:00:36"]
[TimeControl "2700+45"]

1. e4 c5 2. Nf3 Nc6 3. d4 cxd4 4. Nxd4 g6 5. Nxc6 bxc6 6. c3 Bg7 7. Be3 Nf6 8.
Bd3 O-O 9. e5 Nd5 10. Bd4 e6 11. Nd2 Nf4 12. Qf3 Nxd3+ 13. Qxd3 a5 14. O-O Ba6
15. c4 d5 {White resigns} 0-1

[Event "Team 45 45 League T80"]
[Site "Internet Chess Club"]
[Date "2019.04.13"]
[Round "3"]
[White "OGO"]
[Black "Conjurer"]
[Result "1/2-1/2"]
[WhiteElo "1245"]
[BlackElo "1212"]
[Opening "QGD: Semi-Tarrasch defense, Pillsbury variation"]
[ECO "D40"]
[Time "13:02:05"]
[TimeControl "2700+45"]

1. d4 Nf6 2. c4 d5 3. Nc3 e6 4. Nf3 c5 5. Bg5 Be7 6. e3 Nc6 7. Bd3 h6 8. Bh4 Nb4
9. O-O O-O 10. Rc1 a6 11. a3 Nxd3 12. Qxd3 b5 13. cxb5 c4 14. Qc2 Bd7 15. a4
axb5 16. axb5 Qb6 17. b3 Rfc8 18. Ne5 Bxb5 19. Nxb5 Qxb5 20. bxc4 dxc4 21. Rb1
Qa4 22. Qxa4 Rxa4 23. Bxf6 gxf6 24. Nd7 Rb4 25. Rxb4 Bxb4 26. Nxf6+ Kg7 27. Ne4
f5 28. Ng3 c3 29. Rc1 c2 30. Ne2 Bd2 31. Ra1 c1=Q+ 32. Nxc1 Bxc1 33. Kf1 Bb2 34.
Ra2 Rc1+ 35. Ke2 Bc3 36. Kd3 Bb4 37. Ra6 Rc3+ 38. Ke2 Kf7 39. Rb6 Ba5 40. Rb2
Ke7 41. h3 Kd6 42. Ra2 Bb4 43. Rb2 Ba3 44. Rb6+ Kd5 45. Rb5+ Kc6 46. Re5 Rc2+
47. Kf3 Kd6 48. Ra5 Bb4 49. Ra6+ Kd5 50. Ra1 h5 51. Rb1 Bd2 52. Rf1 Rc1 53. Rxc1
Bxc1 54. Ke2 h4 55. Kd3 Ba3 56. g3 hxg3 57. fxg3 Bc1 58. h4 e5 59. dxe5 Kxe5 60.
h5 Kd5 61. h6 Bb2 62. h7 Bf6 63. Ke2 Ke4 64. Kf2 Bg7 65. Ke2 Bh8 66. Kf2 Be5 67.
Ke2 Bh8 68. Kf2 Ke5 69. Kf3 Bg7 70. g4 fxg4+ 71. Kxg4 Ke4 72. Kh5 Kxe3 73. h8=Q
Bxh8 {Game drawn because neither player has mating material} 1/2-1/2

[Event "Team 45 45 League T80"]
[Site "Internet Chess Club"]
[Date "2019.04.13"]
[Round "3"]
[White "guyd52"]
[Black "kingsrook"]
[Result "0-1"]
[WhiteElo "1203"]
[BlackElo "1205"]
[Opening "Réti: King's Indian attack (Barcza system)"]
[ECO "A07"]
[Time "07:01:09"]
[TimeControl "2700+45"]

1. Nf3 d5 2. g3 Nf6 3. Bg2 g6 4. d3 Bg7 5. Nbd2 O-O 6. O-O d4 7. Nc4 c5 8. Qe1
Nc6 9. c3 Nd5 10. Bg5 dxc3 11. b3 b5 12. Ne3 b4 13. Nc4 h6 14. Be3 Nd4 15. Bxd4
cxd4 16. a3 Bb7 17. axb4 Nxb4 18. Ra4 Nc2 19. Qc1 Bc6 20. Ra2 Nb4 21. Ra1 a5 22.
e3 Nxd3 23. Qd1 Nb2 24. Nxb2 cxb2 25. Ra2 d3 26. Nd2 Bxg2 27. Kxg2 Qd5+ 28. e4
Qc5 29. f4 Qc2 30. e5 e6 31. Kh3 Rfc8 32. Nc4 a4 33. Qxc2 dxc2 34. Rxb2 axb3 35.
Nb6 c1=Q 36. Rxc1 Rxc1 37. Nxa8 Rc3 38. Nc7 Rxc7 39. Rxb3 Bf8 40. Kg4 Rc2 41. h4
Kg7 42. Rd3 Be7 43. Rf3 h5+ 44. Kh3 f6 45. exf6+ Kxf6 46. Re3 Kf5 47. Re5+ Kf6
48. Re3 Bc5 49. Rd3 Bg1 50. g4 Rh2+ 51. Kg3 hxg4 52. Kxg4 Bf2 {White resigns}
0-1

[Event "Team 45 45 League T80"]
[Site "Internet Chess Club"]
[Date "2019.04.13"]
[Round "3"]
[White "Gojira"]
[Black "kidviper"]
[Result "0-1"]
[WhiteElo "1588"]
[BlackElo "1837"]
[Opening "Queen's pawn: London system"]
[ECO "A45"]
[Time "09:05:45"]
[TimeControl "2700+45"]

1. d4 Nf6 2. Bf4 e6 3. e3 d5 4. Nf3 c5 5. c3 Nc6 6. Nbd2 Bd6 7. Bg3 O-O 8. Bd3
b6 9. Ne5 Bxe5 10. dxe5 Nd7 11. f4 f6 12. Nf3 c4 13. Bc2 Nc5 14. Nd4 Nxd4 15.
Qxd4 f5 16. b4 Ne4 17. Rd1 Bd7 18. Bf2 Qe8 19. Bxe4 fxe4 20. O-O Qh5 21. Bg3 Qg4
22. Rf2 h5 23. f5 Rxf5 24. Rxf5 Qxf5 25. Rf1 Qg6 26. h4 Qxg3 {White resigns} 0-1

[Event "Team 45 45 League T80"]
[Site "Internet Chess Club"]
[Date "2019.04.15"]
[Round "3"]
[White "KidRattler"]
[Black "Bizzy-Ketty"]
[Result "1-0"]
[WhiteElo "1640"]
[BlackElo "1539"]
[Opening "Caro-Kann: classical, 7...Nd7"]
[ECO "B19"]
[Time "18:30:20"]
[TimeControl "2700+45"]

1. e4 c6 2. d4 d5 3. Nc3 dxe4 4. Nxe4 Bf5 5. Ng3 Bg6 6. h4 h6 7. Nf3 Nd7 8. Bd3
Bxd3 9. Qxd3 e6 10. Bf4 Qa5+ 11. Bd2 Qc7 12. O-O-O Ngf6 13. c4 Be7 14. Rde1
O-O-O 15. Qc2 Ng4 16. Be3 Nxe3 17. Rxe3 Bd6 18. Ne2 Nf6 19. Rb3 Ng4 20. Nc3 Rhe8
21. Rd1 f5 22. Kb1 g6 23. h5 g5 24. d5 cxd5 25. cxd5 Bc5 26. Nb5 Qb6 27. Rc3 Kb8
28. Rxc5 Rc8 29. Rc1 Rxc5 30. Qxc5 Qxc5 31. Rxc5 exd5 32. Rxd5 Nf6 33. Rxf5 Nxh5
34. Rf7 Rd8 35. g3 a6 36. Nc3 Ka7 37. Kc2 Rd6 38. Nd2 Nf6 39. Nde4 Nxe4 40. Nxe4
Rd4 41. Re7 a5 42. Re6 g4 43. Nc3 Rb4 44. Rxh6 b6 45. Re6 Ka6 46. Re4 Rxe4 47.
Nxe4 b5 48. Nf6 b4 49. Nxg4 a4 50. Ne3 Kb5 51. g4 Kc5 52. a3 bxa3 53. bxa3 Kd4
54. g5 Ke5 55. f4+ Ke6 56. f5+ Kf7 57. Kd3 Kg7 58. Ke4 Kf7 59. Ke5 Kg7 60. f6+
Kf7 61. Kf5 Ke8 62. Ke6 Kf8 63. g6 Kg8 64. g7 Kh7 65. Kf7 Kh6 66. g8=Q Kh5 67.
Qg3 {Black resigns} 1-0

[Event "Team 45 45 League T80"]
[Site "Internet Chess Club"]
[Date "2019.04.13"]
[Round "3"]
[White "Electryon"]
[Black "BJJ"]
[Result "1-0"]
[WhiteElo "1454"]
[BlackElo "1399"]
[Opening "Queen's pawn: London system"]
[ECO "A45"]
[Time "18:14:51"]
[TimeControl "2700+45"]

1. d4 Nf6 2. Bf4 d5 3. e3 a6 4. Bd3 Bg4 5. Nf3 e6 6. h3 Bh5 7. Nbd2 c5 8. c3 c4
9. Bc2 Nc6 10. e4 dxe4 11. Nxe4 Nd5 12. Bh2 Be7 13. O-O h6 14. Ng3 Bg6 15. Bxg6
fxg6 16. Qe2 Nf4 17. Qxc4 Bd6 18. Ne2 Na5 19. Qa4+ b5 20. Qc2 Nxe2+ 21. Qxe2
Bxh2+ 22. Nxh2 Qd6 23. Rfe1 Kd7 24. Nf3 Nc6 25. Rad1 Rae8 26. Ne5+ Kc7 27. Nf7
Qd5 28. Nxh8 Rxh8 29. Qxe6 Qh5 30. d5 Rd8 31. Qxc6+ Kb8 32. Qb6+ Kc8 33. Qxa6+
Kb8 34. Qxb5+ Kc8 35. Rd4 Rd7 36. Re8+ Kc7 37. Qb8# {Black checkmated} 1-0

[Event "Team 45 45 League T80"]
[Site "Internet Chess Club"]
[Date "2019.04.11"]
[Round "3"]
[White "KidBoa"]
[Black "tryanything"]
[Result "0-1"]
[WhiteElo "1291"]
[BlackElo "1514"]
[Opening "Two knights defense (Modern bishop's opening)"]
[ECO "C55"]
[Time "19:13:38"]
[TimeControl "2700+45"]

1. e4 e5 2. Nf3 Nc6 3. Bc4 Nf6 4. d3 Be7 5. O-O O-O 6. h3 a6 7. Nc3 d6 8. Bg5
Na5 9. Qe2 Nxc4 10. dxc4 h6 11. Bh4 Nd7 12. Bxe7 Qxe7 13. Nd5 Qd8 14. b3 c6 15.
Ne3 Nc5 16. Nf5 Qf6 17. Ng3 Ne6 18. Nh5 Qg6 19. Ng3 Nf4 20. Qe3 f5 21. exf5 Bxf5
22. Nh4 Qg5 23. Nf3 Qf6 24. Nxf5 Qxf5 25. Rfd1 Rad8 26. c5 d5 27. Qxe5 Nxh3+ 28.
gxh3 Qxf3 29. Qg3 Rd7 30. Qxf3 Rxf3 31. Rd3 Rdf7 32. Rxf3 Rxf3 33. Kg2 Rc3 34.
Rc1 Rxc5 35. c4 dxc4 36. Rxc4 Rxc4 37. bxc4 Kf7 38. Kf3 Ke6 39. Ke4 b6 40. f4
Kf6 41. h4 g6 42. a3 a5 43. a4 Ke6 44. Kf3 Kd6 45. Ke4 Kc5 46. h5 gxh5 47. Ke5
h4 48. f5 h3 49. f6 h2 50. f7 h1=Q 51. f8=Q+ Kxc4 52. Qf4+ Kb3 53. Qf7+ Qd5+ 54.
Qxd5+ cxd5 55. Kxd5 Kxa4 56. Kd4 Kb3 57. Kd3 a4 58. Kd2 Kb2 59. Kd3 a3 60. Kc4
a2 61. Kb5 a1=Q 62. Kb4 Qa5+ 63. Kc4 Qc5+ 64. Kd3 h5 65. Ke4 h4 66. Kf3 Qg5 67.
Ke4 h3 68. Kf3 h2 69. Kf2 h1=Q 70. Ke2 Qe4+ 71. Kd1 Qgd5# {White checkmated} 0-1

[Event "Team 45 45 League T80"]
[Site "Internet Chess Club"]
[Date "2019.04.15"]
[Round "3"]
[White "joaoazm"]
[Black "Covenanteer"]
[Result "1/2-1/2"]
[WhiteElo "1702"]
[BlackElo "1574"]
[Opening "Réti: King's Indian attack (Barcza system)"]
[ECO "A07"]
[Time "11:30:32"]
[TimeControl "2700+45"]

1. Nf3 d5 2. g3 Bg4 3. Bg2 c6 4. b3 Nf6 5. Bb2 Nbd7 6. O-O Qc7 7. c4 e6 8. d3
Bc5 9. Nbd2 O-O 10. d4 Be7 11. e3 Rfe8 12. Qc1 Qa5 13. Ne5 Nxe5 14. dxe5 Nd7 15.
Bc3 Qc7 16. Qb2 Rad8 17. cxd5 cxd5 18. Rfc1 Qb8 19. Bd4 b6 20. e4 Nc5 21. Qc3
dxe4 22. Nxe4 Rc8 23. Nxc5 bxc5 24. Be3 Red8 25. f3 Bf5 26. Rd1 Qb5 27. Rac1
Rxd1+ 28. Rxd1 Qe2 29. Rd7 Kf8 30. Rxa7 Bd3 31. Bf2 Qd1+ 32. Be1 c4 33. b4 Rb8
34. Qd2 Qa1 35. Ra4 Qxe5 36. a3 Rd8 37. Qc1 Qe2 38. Ra7 Bf6 39. Bf2 Bc2 40. Bc5+
Ke8 41. Qf1 Rd1 42. Ra8+ Kd7 43. Ra7+ Kc8 44. Ra8+ Kc7 45. Ra7+ Kb8 46. Rxf7
Rxf1+ 47. Bxf1 Qxf3 48. Rf8+ Kc7 49. Rf7+ Kd8 50. Rf8+ Kc7 51. Rf7+ Kd8 52. Rf8+
Kd7 53. Rf7+ Kc8 54. Rf8+ Kc7 {Game drawn by repetition} 1/2-1/2

[Event "Team 45 45 League T80"]
[Site "Internet Chess Club"]
[Date "2019.04.11"]
[Round "3"]
[White "liujf"]
[Black "WillC"]
[Result "0-1"]
[WhiteElo "1582"]
[BlackElo "1688"]
[Opening "Sicilian: dragon variation"]
[ECO "B70"]
[Time "19:17:49"]
[TimeControl "2700+45"]

1. e4 c5 2. Nf3 d6 3. d4 cxd4 4. Nxd4 Nf6 5. Nc3 g6 6. Be2 Bg7 7. O-O O-O 8. f4
Nc6 9. Be3 Bd7 10. Kh1 a6 11. a3 Rc8 12. Qd2 Bg4 13. Rad1 Qa5 14. Nb3 Qc7 15.
Qe1 Be6 16. Qf2 Nd7 17. Nd4 Nxd4 18. Bxd4 Nf6 19. e5 Ng4 20. Qh4 dxe5 21. fxe5
Nxe5 22. Be3 Nc4 23. Ne4 Nxe3 24. Ng5 h6 25. Nxe6 fxe6 26. Rxf8+ Rxf8 27. Rd2
Qf4 28. Qe1 Nf1 29. g3 Qxd2 {White resigns} 0-1

[Event "Team 45 45 League T80"]
[Site "Internet Chess Club"]
[Date "2019.04.13"]
[Round "3"]
[White "CMAlge"]
[Black "Tjet"]
[Result "1-0"]
[WhiteElo "1352"]
[BlackElo "1370"]
[Opening "Sicilian: closed"]
[ECO "B23"]
[Time "17:01:49"]
[TimeControl "2700+45"]

1. e4 c5 2. Nc3 d6 3. f4 a6 4. a4 g6 5. Nf3 Bg7 6. Bc4 e6 7. O-O Ne7 8. d3 O-O
9. Qe1 Nbc6 10. Qh4 Nd4 11. Bb3 Nxf3+ 12. Rxf3 Bd7 13. Be3 b5 14. Rh3 h6 15. f5
Nxf5 16. Qxd8 Rfxd8 17. exf5 Kh7 18. fxg6+ fxg6 19. Ne4 bxa4 20. Bxa4 Bxa4 21.
Rxa4 h5 22. Bg5 Rd7 23. Nf6+ Bxf6 24. Bxf6 d5 25. g4 Kh6 26. gxh5 gxh5 27. Rg4
{Black resigns} 1-0

[Event "Team 45 45 League T80"]
[Site "Internet Chess Club"]
[Date "2019.04.11"]
[Round "3"]
[White "dalmata"]
[Black "Conjurer"]
[Result "1-0"]
[WhiteElo "1495"]
[BlackElo "1219"]
[Opening "Queen's pawn game"]
[ECO "E20"]
[Time "13:04:18"]
[TimeControl "2700+45"]

1. d4 Nf6 2. c4 e6 3. Nc3 c5 4. Nf3 Nc6 5. d5 Ne7 6. e4 d6 7. Bg5 e5 8. Be2 Qa5
9. O-O Bd7 10. Nb5 Nxe4 11. Bd2 Nxd2 12. Nxd2 Nf5 13. Bd3 Be7 14. Bxf5 Bxf5 15.
a3 O-O 16. Qe2 Qd8 17. b4 a6 18. Nc3 Rc8 19. bxc5 Rxc5 20. Nce4 Rc8 21. Rab1 Qd7
22. Rb3 Bg4 23. f3 Bf5 24. Rfb1 Rc7 25. Rb6 Rb8 26. Nf1 Qa4 27. Qd3 g6 28. Nfg3
Bd7 29. Nxd6 Bxd6 30. Rxd6 b5 31. Rb4 Qa5 32. c5 f5 33. c6 Be8 34. Nxf5 gxf5 35.
Qxf5 Qxa3 36. Rg4+ Rg7 37. Rxg7+ Kxg7 38. Qxe5+ Kg8 39. c7 Qc5+ 40. Kf1 Rc8 41.
Qe6+ Kf8 42. Qxc8 Qxd6 43. Qd8 {Black resigns} 1-0

[Event "Team 45 45 League T80"]
[Site "Internet Chess Club"]
[Date "2019.04.13"]
[Round "3"]
[White "isolani"]
[Black "idjit"]
[Result "1/2-1/2"]
[WhiteElo "1391"]
[BlackElo "1606"]
[Opening "Bogo-Indian defense"]
[ECO "E11"]
[Time "19:02:22"]
[TimeControl "2700+45"]

1. d4 Nf6 2. Nf3 e6 3. c4 Bb4+ 4. Bd2 a5 5. a3 Bxd2+ 6. Nfxd2 Nc6 7. e3 d6 8.
Nc3 O-O 9. Be2 e5 10. d5 Ne7 11. g4 g5 12. Nf3 Bxg4 13. Nxg5 Bxe2 14. Qxe2 Ng6
15. O-O-O Qd7 16. Rhg1 Qf5 17. h4 Kh8 18. h5 Nh4 19. Rg3 h6 20. Nf3 Nxf3 21.
Rxf3 Qg5 22. Rg3 Qf5 23. Rf3 Qg5 24. Rg3 Qf5 25. Rf3 Qg5 26. Rg3 Qf5 {Game drawn
by repetition} 1/2-1/2

[Event "Team 45 45 League T80"]
[Site "Internet Chess Club"]
[Date "2019.04.11"]
[Round "3"]
[White "bardu"]
[Black "Bible-Believer"]
[Result "0-1"]
[WhiteElo "1265"]
[BlackElo "1367"]
[Opening "Benkö gambit accepted"]
[ECO "A58"]
[Time "10:39:34"]
[TimeControl "2700+45"]

1. d4 Nf6 2. c4 c5 3. d5 b5 4. cxb5 a6 5. bxa6 g6 6. Nc3 Bg7 7. e4 Bxa6 8. Bxa6
Nxa6 9. Nf3 d6 10. Qa4+ Qd7 11. Qxd7+ Nxd7 12. Bg5 Nb4 13. O-O Nc2 14. Rac1 Nd4
15. Nxd4 Bxd4 16. Rc2 Bf6 17. Bh6 Ne5 18. h3 Kd7 19. f4 Nc4 20. Rf3 Rhb8 21. e5
dxe5 22. b3 Na3 23. Rd2 exf4 24. Bxf4 Bxc3 {White resigns} 0-1

[Event "Team 45 45 League T80"]
[Site "Internet Chess Club"]
[Date "2019.04.14"]
[Round "3"]
[White "Balderdash"]
[Black "tasawyer81"]
[Result "1-0"]
[WhiteElo "1327"]
[BlackElo "1192"]
[Opening "Philidor: Improved Hanham variation"]
[ECO "B07"]
[Time "07:50:19"]
[TimeControl "2700+45"]

1. e4 d6 2. Nf3 Nf6 3. Nc3 Nbd7 4. d4 e5 5. d5 Be7 6. Be3 c6 7. Bc4 Qc7 8. b4
Nb6 9. Bb3 cxd5 10. Nxd5 Nbxd5 11. Bxd5 Bg4 12. c4 O-O 13. h3 Bh5 14. Qb3 Bg6
15. Bg5 Nxe4 16. Bxe7 Qxe7 17. Bxe4 Bxe4 18. O-O Rfc8 19. Rac1 Bf5 20. Rfe1 Qf6
21. Re3 e4 22. Nh2 d5 23. Ng4 Bxg4 24. hxg4 dxc4 25. Rxc4 Qa1+ 26. Kh2 Qf6 27.
Rcxe4 Qh4+ 28. Rh3 Qxf2 29. Qa4 Qc2 30. Re8+ Rxe8 31. Qxc2 Rac8 32. Qxh7+ {Black
resigns} 1-0

[Event "Team 45 45 League T80"]
[Site "Internet Chess Club"]
[Date "2019.04.10"]
[Round "3"]
[White "grekor"]
[Black "Toalla"]
[Result "1/2-1/2"]
[WhiteElo "1130"]
[BlackElo "1262"]
[Opening "Alekhine's defense: two pawns' (Lasker's) attack"]
[ECO "B02"]
[Time "13:00:38"]
[TimeControl "2700+45"]

1. e4 Nf6 2. e5 Nd5 3. c4 Nb6 4. c5 Nd5 5. Nc3 c6 6. d4 b6 7. Nf3 bxc5 8. dxc5
Qa5 9. Bd2 Nxc3 10. Bxc3 Qxc5 11. Rc1 Qd5 12. Qxd5 cxd5 13. Bd2 Nc6 14. Bb5 Bb7
15. O-O e6 16. Rc2 Rc8 17. Rfc1 a6 18. Ba4 Be7 19. Nd4 Na7 20. Rxc8+ Nxc8 21.
Rc7 Nb6 22. Rxb7 Nxa4 23. Rb8+ Bd8 24. Ba5 Ke7 25. Bb4+ Ke8 26. Ba5 Ke7 27. Bb4+
Ke8 {Game drawn by mutual agreement} 1/2-1/2